Map: 2000 Atmospheres LE

Players

Pumba - Winner!

  • Race: Protoss Protoss
  • League: Master
  • Spawn Location: 7:00

Neuro

  • Race: Zerg Zerg
  • League: Master
  • Spawn Location: 3:00

VOD

Have the link to the VOD?

Description

Time

  • Played on: April 5, 2022, 6:54 p.m.
  • Length: 19:47
Show
View Real Time Build Order
Export as new Build Order

Pumba Protoss - Winner!

Build Orders: 1 Gate Expand, Oracle Opening 

Get SALT Encoding   

  12  0:01  Probe  
  13  0:14  Pylon  
  13  0:18  Probe (Chrono Boost)  
  15  0:30  Probe (Chrono Boost)  
  15  0:34  Probe (Chrono Boost)  
  15  0:41  Gateway  
  16  0:46  Probe  
  17  0:52  Assimilator  
  17  0:58  Probe  
  18  1:11  Probe  
  19  1:23  Probe  
  20  1:29  Nexus  
  20  1:40  Cybernetics Core  
  20  1:43  Probe  
  21  1:48  Assimilator  
  21  1:55  Probe  
  21  2:00  Pylon  
  22  2:08  Probe  
  23  2:16  Adept (Chrono Boost)  
  23  2:20  Probe  
  26  2:23  Stargate  
  26  2:33  Probe (Chrono Boost)  
  26  2:35  Warp Gate  
  27  2:38  Adept  
  27  2:42  Probe (Chrono Boost)  
  31  2:45  Probe (Chrono Boost)  
  31  2:51  Probe x2 (Chrono Boost)  
  32  2:58  Probe  
  33  2:59  Probe  
  35  3:10  Probe  
  36  3:14  Probe  
  36  3:15  Oracle (Chrono Boost)  
  40  3:22  Gateway  
  40  3:25  Probe  
  40  3:26  Probe  
  42  3:37  Probe  
  42  3:38  Probe  
  44  3:43  Adept  
  44  3:44  Pylon  
  46  4:02  Nexus, Probe x2  
  48  4:04  Pylon  
  48  4:07  Oracle  
  51  4:14  Probe  
  52  4:18  Gateway  
  52  4:19  Gateway  
  53  4:26  Twilight Council, Probe (Chrono Boost)  
  53  4:28  Forge, Assimilator  
  53  4:30  Probe (Chrono Boost), Assimilator  
  54  4:36  Adept  
  57  4:40  Probe (Chrono Boost)  
  57  4:41  Probe (Chrono Boost)  
  57  4:45  Probe (Chrono Boost)  
  58  4:48  Probe  
  60  4:56  Probe  
  61  5:00  Probe  
  62  5:07  Protoss Ground Weapons Level 1, Pylon  
  62  5:08  Blink, Pylon  
  62  5:10  Robotics Facility  
  62  5:13  Pylon  
  64  5:14  Probe x2 (Chrono Boost)  
  64  5:16  Sentry  
  64  5:19  Probe (Chrono Boost)  
  67  5:24  Probe (Chrono Boost)  
  67  5:28  Probe x2 (Chrono Boost)  
  68  5:30  Sentry, Probe  
  68  5:31  Sentry  
  68  5:33  Shield Battery  
  75  5:39  Probe  
  75  5:40  Probe  
  77  5:43  Probe  
  78  5:53  Probe x2  
  78  5:55  Probe  
  78  5:56  Assimilator  
  81  5:59  Sentry, Gateway  
  81  6:00  Sentry  
  81  6:01  Stalker x2  
  81  6:02  Gateway x2  
  81  6:03  Gateway  
  85  6:05  Probe  
  85  6:08  Probe x2  
  88  6:14  Pylon  
  88  6:15  Robotics Bay  
  88  6:16  Pylon  
  88  6:17  Probe  
  89  6:19  Observer (Chrono Boost)  
  89  6:24  Probe x2, Pylon  
  92  6:29  Probe, Pylon  
  93  6:49  Robotics Facility, Warp Prism (Chrono Boost)  
  95  6:54  Stalker x3  
  95  6:56  Assimilator  
  101  7:08  Pylon  
  101  7:13  Stalker x4  
  109  7:21  Colossus (Chrono Boost), Pylon  
  109  7:24  Pylon  
  109  7:25  Shield Battery  
  109  7:27  Photon Cannon  
  112  7:35  Stalker x4  
  120  7:37  Nexus, Colossus (Chrono Boost)  
  120  7:38  Protoss Ground Weapons Level 2 (Chrono Boost)  
  126  7:46  Photon Cannon  
  126  7:48  Photon Cannon  
  126  7:52  Photon Cannon, Stalker  
  126  7:54  Stalker  
  126  7:58  Stalker  
  132  8:00  Disruptor  
  132  8:09  Extended Thermal Lance (Chrono Boost)  
  135  8:16  Stalker  
  137  8:20  Pylon  
  137  8:21  Pylon  
  137  8:25  Photon Cannon  
  137  8:26  Shield Battery  
  137  8:27  Pylon  
  137  8:31  Shield Battery  
  137  8:36  Stalker x4  
  137  8:38  Photon Cannon  
  137  8:39  Shield Battery  
  135  8:45  Pylon  
  135  8:46  Pylon  
  135  8:47  Observer  
  135  8:48  Observer  
  137  8:49  Pylon  
  137  8:58  Probe  
  137  9:02  Assimilator  
  138  9:05  Stalker x3, Assimilator  
  138  9:06  Stalker x3  
  138  9:08  Disruptor  
  138  9:09  Disruptor  
  114  9:25  Stalker x2  
  116  9:37  Stalker x5  
  124  9:44  Disruptor  
  127  9:47  Disruptor  
  130  9:56  Probe x3  
  133  10:02  Probe  
  133  10:03  Photon Cannon  
  133  10:06  Photon Cannon  
  134  10:09  Pylon  
  132  10:15  Stalker  
  132  10:16  Stalker x4  
  132  10:19  Disruptor  
  132  10:23  Protoss Ground Armor Level 1 (Chrono Boost)  
  132  10:25  Disruptor  
  135  10:30  Charge (Chrono Boost), Probe  
  135  10:31  Stalker x3  
  142  10:39  Gateway  
  142  10:40  Probe  
  142  10:41  Gateway  
  143  10:43  Gateway  
  143  10:45  Gateway  
  143  10:51  Stalker x3  
  143  10:52  Stalker x2  
  143  10:55  Disruptor (Chrono Boost)  
  156  10:58  Nexus  
  156  10:59  Zealot  
  156  11:08  Colossus (Chrono Boost)  
  156  11:18  Robotics Facility  
  162  11:21  Photon Cannon  
  162  11:24  Templar Archives, Zealot, Colossus (Chrono Boost)  
  170  11:27  Zealot  
  172  11:41  Zealot  
  172  11:42  Zealot x4  
  182  11:55  Pylon  
  182  11:56  Zealot x4  
  182  11:57  Zealot x2  
  194  12:05  High Templar x2  
  194  12:06  High Templar  
  200  12:09  Archon  
  200  12:13  Pylon  
  200  12:22  Forge  
  200  12:25  Pylon  
  200  12:26  Zealot  
  187  12:57  Protoss Shields Level 1 (Chrono Boost)  
  187  12:58  Protoss Ground Armor Level 2 (Chrono Boost)  
  180  13:00  Zealot  
  180  13:01  Zealot x9  
  200  13:14  Dark Shrine  
  192  13:29  Pylon  
  192  13:32  Pylon  
  176  13:37  Zealot x3  
  176  13:38  Zealot x5  
  188  13:41  Nexus  
  170  13:59  Photon Cannon  
  170  14:01  Probe  
  170  14:02  Probe x2, Photon Cannon  
  159  14:03  Zealot x10, Photon Cannon  
  159  14:07  Photon Cannon  
  159  14:09  Shield Battery  
  177  14:11  Shield Battery  
  177  14:14  Assimilator  
  177  14:18  Assimilator  
  177  14:23  Stalker x4  
  177  14:24  Stalker x3  
  173  14:41  Protoss Shields Level 2 (Chrono Boost)  
  173  14:44  Stalker x3  
  173  14:45  Stalker  
  179  14:54  Protoss Ground Weapons Level 3 (Chrono Boost)  
  179  14:56  Pylon  
  179  14:58  Stargate  
  179  14:59  Protoss Air Weapons Level 1  
  179  15:04  Pylon  
  179  15:07  Stargate  
  179  15:08  Probe  
  179  15:09  Probe  
  179  15:12  Fleet Beacon  
  181  15:15  Stalker x2  
  181  15:19  Pylon  
  185  15:32  Shadow Stride (Chrono Boost), Stalker  
  181  16:04  Stalker  
  181  16:05  Stalker x8  
  199  16:25  Stalker x2  
  193  16:30  Zealot x3  
  193  16:32  Zealot x6  
  183  16:42  Shield Battery  
  183  16:44  Photon Cannon  
  175  16:47  Gateway  
  175  16:50  Gateway  
  151  17:07  Stalker  
  151  17:08  Stalker x9  
  148  17:25  Nexus  
  144  17:45  Dark Templar x7  
  144  17:46  Nexus  
  154  17:56  Pylon  
  150  18:02  High Templar x3  
  150  18:03  High Templar  
  150  18:06  Archon x2  
  150  18:11  Archon x3  
  145  18:19  Photon Cannon  
  146  18:20  Probe  
  146  18:22  Anion Pulse-Crystals (Chrono Boost), Photon Cannon, Pylon  
  146  18:25  Shield Battery  
  146  18:28  Phoenix x2 (Chrono Boost)  
  146  18:29  Phoenix (Chrono Boost)  
  152  18:42  Probe  
  152  18:43  Probe x2  
  152  18:47  Phoenix (Chrono Boost)  
  157  18:53  Nexus  
  157  18:55  Pylon  
  157  18:58  Phoenix x2  
  161  19:08  Phoenix  
  159  19:12  Shield Battery  
  163  19:26  Pylon  
Show
View Real Time Build Order
Export as new Build Order

Neuro Zerg 

Build Orders: Hatch First 

Get SALT Encoding   

  12  0:01  Drone  
  13  0:12  Overlord  
  13  0:17  Drone  
  14  0:31  Drone x2  
  16  0:52  Drone  
  16  0:54  Hatchery  
  16  0:55  Drone  
  17  0:59  Drone  
  18  1:11  Extractor  
  18  1:15  Spawning Pool  
  18  1:16  Drone  
  17  1:20  Drone  
  18  1:29  Drone  
  19  1:38  Drone  
  20  1:49  Overlord  
  20  2:02  Queen  
  20  2:06  Queen  
  20  2:07  Zergling x4  
  26  2:14  Metabolic Boost  
  26  2:16  Drone  
  26  2:17  Drone  
  26  2:22  Drone  
  29  2:28  Drone  
  30  2:36  Hatchery  
  29  2:41  Overlord  
  29  2:46  Queen  
  29  2:49  Drone  
  32  2:57  Zergling x4  
  34  2:59  Drone  
  34  3:00  Drone  
  34  3:05  Drone  
  36  3:16  Drone x5  
  38  3:28  Drone x2  
  38  3:33  Spore Crawler  
  39  3:38  Drone x2  
  41  3:42  Queen  
  43  3:50  Drone x3  
  43  3:51  Queen  
  48  3:56  Spore Crawler  
  48  3:58  Drone x2  
  48  4:04  Spore Crawler, Drone x3  
  48  4:08  Overlord  
  50  4:27  Drone x8  
  50  4:29  Lair  
  58  4:37  Overlord x2  
  58  4:42  Extractor  
  57  4:53  Drone  
  57  4:57  Drone x7  
  65  5:01  Extractor  
  65  5:04  Drone x8, Extractor  
  65  5:05  Drone, Roach Warren  
  71  5:09  Overlord  
  71  5:19  Overlord  
  71  5:20  Extractor  
  70  5:23  Evolution Chamber  
  70  5:24  Drone x3  
  70  5:27  Overlord  
  70  5:28  Overlord x2  
  71  5:31  Queen  
  71  5:35  Overlord x2  
  73  5:38  Extractor  
  73  5:39  Drone  
  73  5:40  Drone  
  74  5:44  Zergling x8  
  74  5:45  Zergling x4  
  78  5:50  Zerg Missile Weapons Level 1  
  78  5:52  Roach  
  78  5:53  Roach  
  78  5:54  Drone  
  80  5:59  Roach  
  80  6:00  Roach  
  82  6:04  Drone x4  
  82  6:07  Drone x2  
  88  6:15  Drone x5  
  93  6:21  Drone  
  93  6:24  Drone x2  
  96  6:29  Baneling Nest, Drone x3  
  94  6:41  Ravager x3  
  94  6:42  Roach  
  94  6:43  Hatchery, Roach x3  
  104  6:48  Pneumatized Carapace  
  104  6:52  Roach  
  104  6:53  Roach x3  
  112  7:02  Roach x5  
  112  7:03  Glial Reconstitution  
  112  7:05  Ravager  
  123  7:08  Zergling x8  
  123  7:12  Centrifugal Hooks  
  127  7:29  Infestation Pit  
  126  7:31  Drone x4  
  126  7:32  Evolution Chamber  
  126  7:35  Drone  
  126  7:36  Overseer  
  130  7:44  Overlord x7  
  130  7:45  Zerg Melee Weapons Level 1  
  130  7:53  Baneling x9  
  130  7:54  Baneling x5  
  130  8:03  Zergling x26  
  143  8:06  Drone x2  
  145  8:23  Hive  
  145  8:24  Spire  
  144  8:29  Zergling x24  
  147  8:43  Baneling x9  
  147  8:44  Baneling x19  
  147  8:48  Zerg Missile Weapons Level 2  
  147  8:50  Drone x3  
  147  8:53  Spore Crawler  
  147  8:54  Overseer  
  149  8:59  Baneling x5  
  133  9:20  Zergling x16  
  133  9:21  Zergling x22  
  133  9:24  Roach x3  
  130  9:33  Roach x5  
  130  9:37  Greater Spire  
  136  9:39  Adrenal Glands  
  136  9:41  Zergling x4  
  136  9:42  Zergling x2  
  136  9:45  Queen x2  
  139  9:49  Baneling x2  
  139  9:50  Baneling x4  
  143  9:54  Zergling x16  
  151  10:04  Zergling x8  
  148  10:14  Zergling x10  
  148  10:18  Zergling x4  
  137  10:24  Queen x3  
  143  10:29  Zergling x12  
  143  10:31  Overseer  
  145  10:39  Ravager x3  
  145  10:41  Baneling x11  
  148  10:46  Roach x12  
  171  10:57  Overlord x3  
  167  11:10  Corruptor x6  
  170  11:14  Zergling x12  
  170  11:18  Overlord  
  176  11:24  Overlord x3  
  175  11:31  Extractor  
  171  11:36  Baneling x10, Extractor  
  169  11:40  Queen  
  169  11:41  Queen x3  
  172  12:06  Brood Lord x4  
  172  12:08  Brood Lord  
  181  12:12  Zergling x26  
  181  12:13  Zergling x8  
  198  12:21  Drone x2  
  198  12:35  Brood Lord  
  128  13:09  Zergling x28  
  142  13:25  Roach x5  
  144  13:28  Baneling x2  
  144  13:29  Baneling x10  
  144  13:34  Zerg Flyer Weapons Level 1  
  129  13:40  Mutalisk x9  
  147  13:48  Queen x3  
  132  14:04  Mutalisk x3, Hatchery  
  133  14:13  Ravager x2  
  124  14:18  Drone x9  
  132  14:24  Drone x4  
  134  14:35  Drone x3  
  136  14:46  Ravager x2  
  136  14:51  Zergling x14  
  143  15:05  Drone x3  
  146  15:07  Drone x4  
  146  15:08  Drone x2  
  146  15:13  Baneling x5  
  152  15:15  Overseer  
  152  15:17  Mutalisk x3  
  158  15:32  Zergling x14  
  164  15:47  Zergling x20  
  171  15:59  Zergling x2  
  171  16:00  Zergling x10  
  162  16:10  Zerg Flyer Armor Level 1  
  161  16:12  Zerg Melee Weapons Level 2, Zerg Missile Weapons Level 3  
  161  16:18  Mutalisk x3  
  161  16:19  Mutalisk  
  161  16:23  Zergling x12  
  163  16:34  Mutalisk x2  
  163  16:36  Zergling x4  
  130  17:00  Zergling x12  
  130  17:01  Zergling x12  
  112  17:02  Queen x2  
  91  17:11  Zergling x6  
  94  17:16  Drone x3, Ultralisk Cavern  
  85  17:30  Mutalisk x5  
  94  17:40  Drone x4  
  98  17:45  Extractor  
  97  17:56  Zergling x12  
  103  18:12  Drone x8  
  111  18:17  Chitinous Plating  
  111  18:34  Overlord  
  101  18:47  Extractor  
  98  18:48  Corruptor  
  98  18:49  Corruptor x4  
  98  18:51  Extractor  
  100  19:04  Overseer  
  89  19:17  Baneling x5  
  89  19:18  Baneling x5  
  89  19:23  Drone x12  
Tags
 
Add a new tag
Caveats
  • Supply blocks, unpowered buildings, or Contaminate may cause inaccurate times.
  • Supply counts are checked every 10 seconds.